 Dungeon Crawl Stone Soup version 0.27.0-1-g7a089689b8 (webtiles) character file.

Game seed: 15064371427815439131

938 pascalblue the Conjurer (level 7, -14/36 HPs)
             Began as a Deep Elf Conjurer on Aug 5, 2021.
             Demolished by a two-headed ogre (21 damage)
             ... on level 8 of the Dungeon.
             The game lasted 00:23:04 (4218 turns).

pascalblue the Conjurer (Deep Elf Conjurer)         Turns: 4218, Time: 00:23:07

Health: -14/36     AC:  5    Str:  4    XL:     7   Next: 87%
Magic:  9/18       EV: 13    Int: 25    God:
Gold:   184        SH:  0    Dex: 19    Spells: 6/18 levels left

rFire    . . .     SeeInvis .   d - staff of death
rCold    . . .     Faith    .   (no shield)
rNeg     + . .     Spirit   .   a - +0 robe
rPois    .         Reflect  .   (no helmet)
rElec    .         Harm     .   u - +0 cloak
rCorr    .         Rampage  .   q - +0 pair of gloves
Will     .....                  i - +0 pair of boots
Stlth    +++.......             (no amulet)
HPRegen  0.12/turn              n - +6 ring of dexterity
MPRegen  0.16/turn              (no ring)

@: no status effects
A: no striking features
a: no special abilities


You were on level 8 of the Dungeon.
You visited 1 branch of the dungeon, and saw 6 of its levels.

You collected 184 gold pieces.

Inventory:

Hand Weapons
 c - a +2 hunting sling of freezing
 o - a +0 vorpal morningstar
Missiles
 f - 13 sling bullets (quivered)
 h - 129 stones
 k - 35 poisoned darts
 t - 7 atropa-tipped darts
Armour
 a - a +0 robe (worn)
 i - a +0 pair of boots (worn)
 q - a +0 pair of gloves (worn)
 u - a +0 cloak (worn)
Magical Staves
 d - a staff of death (weapon)
Jewellery
 n - a +6 ring of dexterity (left hand)
Scrolls
 b - a scroll of noise
 e - a scroll of amnesia
 g - a scroll of enchant armour {unknown}
 m - a scroll of identify
 p - a scroll of brand weapon {unknown}
 s - a scroll of fear
Potions
 j - a potion of mutation
 l - a potion of brilliance
 r - a potion of ambrosia


   Skills:
 - Level 0.8 Slings
 - Level 3.0 Dodging
 - Level 3.0 Stealth
 + Level 6.2 Spellcasting
 * Level 7.8 Conjurations
 * Level 5.9 Hexes
 + Level 0.5 Necromancy


You had 6 spell levels left.
You knew the following spells:

 Your Spells              Type           Power      Damage    Failure   Level
a - Magic Dart            Conj           100%       1d8       1%          1
b - Searing Ray           Conj           94%        3d6       1%          2
c - Dazzling Flash        Conj/Hex       84%        N/A       1%          3
d - Sublimation of Blood  Necr           7%         N/A       9%          2
e - Fulminant Prism       Conj/Hex       21%        3d13      4%          4

Your spell library contained the following spells:

 Spells                   Type           Power      Damage    Failure   Level
 Ensorcelled Hibernation  Hex/Ice        44%        N/A       3%          2
 Wereblood                Tmut           7%         N/A       11%         2
 Iskenderun's Mystic Bla  Conj/Tloc      27%        2d7       14%         4
 Spider Form              Tmut/Pois      3%         N/A       22%         3
 Shadow Creatures         Summ           N/A        N/A       100%        6
 Summon Hydra             Summ           3%         N/A       100%        7


Dungeon Overview and Level Annotations

Branches:
Dungeon (5/15)
 Temple: D:4-7

Altars:
Elyvilon
Hepliaklqana
Nemelex Xobeh
Okawaru
Uskayaw
Yredelemnul

Annotations:
D:5 2 transporters, tygod's ghost, novice MiFi


Message History

You can't see any susceptible monsters within range! (Use Z to cast anyway.) Unknown command.
Casting: Magic Dart (safe; 1% risk of failure)
Confirm with . or Enter, or press ? or * to list all spells.
Aiming: Magic Dart (safe; 1% risk of failure)
Press: ? - help, Shift-Dir - straight line, f/p - two-headed ogre
Aim: a two-headed ogre, wielding two +0 giant spiked clubs (100% to hit)
The magic dart hits the two-headed ogre.
The two-headed ogre is lightly wounded.
Casting: Magic Dart (safe; 1% risk of failure)
Confirm with . or Enter, or press ? or * to list all spells.
Aiming: Searing Ray (safe; 1% risk of failure)
Press: ? - help, Shift-Dir - straight line, f/p - two-headed ogre
Aim: a two-headed ogre, wielding two +0 giant spiked clubs (lightly wounded, 91% to hit)
The searing ray misses the two-headed ogre. (Press . to maintain the ray.)
The searing ray misses the two-headed ogre.
The searing ray hits the two-headed ogre!
The two-headed ogre is moderately wounded.
The searing ray hits the two-headed ogre.
The two-headed ogre is heavily wounded.
You finish channeling your searing ray.
The two-headed ogre hits you with a +0 giant spiked club!
The two-headed ogre completely misses you.
The two-headed ogre hits you with a +0 giant spiked club.
The two-headed ogre barely misses you.
Casting: Searing Ray (safe; 1% risk of failure)
Confirm with . or Enter, or press ? or * to list all spells.
Aiming: Searing Ray (safe; 1% risk of failure)
Press: ? - help, Shift-Dir - straight line, f/p - two-headed ogre
Aim: a two-headed ogre, wielding two +0 giant spiked clubs (heavily wounded, 91% to hit)
The searing ray misses the two-headed ogre. (Press . to maintain the ray.)
The searing ray hits the two-headed ogre.
The two-headed ogre is heavily wounded.
The two-headed ogre hits you with a +0 giant spiked club!
* * * LOW HITPOINT WARNING * * *
The two-headed ogre hits you with a +0 giant spiked club!!
Ouch! That really hurt!
You die...

### .... #########
....############.......#
.................>####.#
..........#.#.##........
..........#.#.####......
..........#......#..###.
......O...###..#.†<.....
#...@..# #..#.#..##..
####..## #..#.#......
##.# #....#.#.#.. #.#
#.####.#.... #.# #.#
#...... #.####.##
######. #..##...# #....
##.##...# #.##.
####.......# #.##.


You could see a two-headed ogre.

Vanquished Creatures
  An orc warrior (D:8)
  A black bear (D:5)
  An ogre (D:3)
  2 scorpions
  A howler monkey (D:8)
  A bullfrog zombie (D:5)
  A jelly (D:5)
  2 orc priests (D:4)
  A gnoll shaman (D:8)
  An iguana (D:4)
  2 orc wizards (D:8)
  2 scorpion zombies (D:5)
  A hound skeleton (D:4)
  A howler monkey skeleton (D:4)
  5 adders
  7 gnolls
  An adder zombie (D:5)
  A worm zombie (D:4)
  2 adder skeletons
  2 worms (D:2)
  A dart slug (D:3)
  6 orcs
  4 endoplasms
  2 giant cockroaches
  6 goblins
  3 hobgoblins
  12 jackals
  A quokka (D:4)
  4 ball pythons
  4 bats
  2 frilled lizards
  A jackal zombie (D:4)
  6 kobolds
  A rat (D:1)
89 creatures vanquished.

Vanquished Creatures (others)
  15 fungi (D:4)
15 creatures vanquished.

Grand Total: 104 creatures vanquished

Notes
Turn   | Place    | Note
-------+----------+-------------------------------------------
     0 | D:1      | pascalblue the Deep Elf Conjurer began the quest for the
                  | Orb.
     0 | D:1      | Reached XP level 1. HP: 10/10 MP: 6/6
    19 | D:1      | Reached XP level 2. HP: 14/15 MP: 4/8
   165 | D:1      | Found a faded altar of an unknown god.
   231 | D:1      | Reached skill level 5 in Conjurations
   745 | D:2      | Reached XP level 3. HP: 19/19 MP: 6/9
   854 | D:2      | Found an iron altar of Okawaru.
  1493 | D:3      | Learned a level 2 spell: Searing Ray
  1504 | D:3      | Learned a level 3 spell: Dazzling Flash
  1551 | D:3      | Reached XP level 4. HP: 11/24 MP: 5/11
  1814 | D:3      | Noticed an ogre
  1818 | D:3      | Killed an ogre
  1819 | D:3      | Reached XP level 5. HP: 28/28 MP: 6/13
  2090 | D:3      | You fall into a shaft and drop 1 floor!
  2101 | D:4      | Found a sparkling altar of Nemelex Xobeh.
  2168 | D:4      | Reached skill level 6 in Conjurations
  2168 | D:4      | Reached skill level 1 in Hexes
  2422 | D:4      | Reached skill level 5 in Spellcasting
  2422 | D:4      | Reached XP level 6. HP: 32/32 MP: 6/15
  2545 | D:4      | Found a hazy altar of Hepliaklqana.
  2847 | D:4      | Found a hide-covered altar of Uskayaw.
  3062 | D:5      | Entered Level 5 of the Dungeon
  3063 | D:5      | Found a transporter.
  3063 | D:5      | Noticed tygod's ghost (novice MiFi)
  3066 | D:5      | Noticed a sky beast
  3179 | D:5      | Found a transporter.
  3191 | D:5      | Reached skill level 7 in Conjurations
  3191 | D:5      | Reached XP level 7. HP: 28/36 MP: 10/17
  3318 | D:5      | Found a basalt altar of Yredelemnul.
  3540 | D:5      | Reached skill level 5 in Hexes
  3685 | D:5      | Found a white marble altar of Elyvilon.
  3685 | D:5      | You fall into a shaft and drop 3 floors!
  3923 | D:8      | Learned a level 2 spell: Sublimation of Blood
  3928 | D:8      | Learned a level 4 spell: Fulminant Prism
  4209 | D:8      | Noticed a two-headed ogre
  4218 | D:8      | Demolished by a two-headed ogre

Illustrated notes

Levels and vault maps discovered:
D:1:      amcnicky_arrival_single_pillar, layout_basic,
          hellmonk_ecumenical_altar_blasted
D:2:      minmay_general_purpose_star, layout_rooms, basic_altar,
          grunt_decor_fettered, grunt_decor_cap
D:3:      layout_basic, lightli_temple_of_fire, grunt_gozag_statues
D:4:      layout_cave_pools, mainiacjoe_overflow_divided_tiny,
          mainiacjoe_overflow_chevrons, enter_ossuary_3,
          minmay_misc_feat_columns, kennysheep_path_1, sigmund_army
D:5:      layout_loops_ring, kennysheep_ying_yang, palyth_temple_overflow_mages,
          nicolae_ru_sacrificial_ziggurat, serial_undead, serial_undead_a,
          serial_undead_f, serial_undead_d, serial_undead_e,
          gammafunk_ghost_arena, serial_shops, nicolae_shop_statue_plus
D:8:      layout_basic

Skill      XL: |  1  2  3  4  5  6  7 |
---------------+----------------------+-----
Conjurations   | 5 6 7 |  7.8
Dodging        | 3 |  3.0
Stealth        | 3 |  3.0
Spellcasting   | 4 5 6 |  6.2
Hexes          | 2 4 5 |  5.9
Slings         | |  0.8
Necromancy     | |  0.5

Action                   |  1- 3 |  4- 6 |  7- 9 || total
-------------------------+-------+-------+-------++-------
 Fire: Hunting sling     |    25 |       |       ||    25
 Cast: Magic Dart        |    53 |    64 |    25 ||   142
       Searing Ray       |       |    11 |     8 ||    19
  Use: Scroll            |       |     6 |     2 ||     8
Armor: Robe              |     4 |       |       ||     4
Dodge: Dodged            |    25 |    11 |     6 ||    42
